 Dungeon Crawl Stone Soup version 0.23-a0-607-g760965b (webtiles) character file.

402 MisterFreud the Fighter (level 6, -3/61 HPs)
             Began as a Hill Orc Abyssal Knight on Dec 20, 2018.
             Was a Believer of Lugonu.
             Slain by an adder (5 damage)
             ... on level 4 of the Dungeon.
             The game lasted 00:08:24 (4008 turns).

MisterFreud the Fighter (Hill Orc Abyssal Knight)   Turns: 4008, Time: 00:08:24

Health: -3/61      AC:  5    Str: 14 (17) XL:     6   Next: 85%
Magic:  9/9        EV: 10    Int:  9 (12) God:    Lugonu [**....]
Gold:   184        SH:  0    Dex:  7 (10) Spells: 5/5 levels left

rFire    . . .     SeeInvis .   a - +1 falchion
rCold    . . .     Gourm    .   (no shield)
rNeg     . . .     Faith    .   b - +0 leather armour
rPois    .         Spirit   .   (no helmet)
rElec    .         Reflect  .   h - +1 cloak
rCorr    .         Harm     .   (no gloves)
MR       .....     Rnd*Tele +   (no boots)
Stlth    +.........             (no amulet)
HPRegen  0.20/turn              p - ring of teleportation (curse)
MPRegen  0.11/turn              (no ring)

@: lethally poisoned (-3 -> -5), drained
A: no striking features
a: Depart the Abyss, Bend Space, Renounce Religion


You were on level 4 of the Dungeon.
You worshipped Lugonu.
Lugonu was pleased with you.
You were not hungry.

You visited 1 branch of the dungeon, and saw 5 of its levels.
You visited the Abyss 1 time.

You collected 184 gold pieces.

Inventory:

Hand Weapons
 a - a +1 falchion (weapon)
Missiles
 d - 51 bolts
 e - 24 stones (quivered)
 o - 24 arrows
 q - 14 sling bullets
 s - 7 tomahawks
Armour
 b - a +0 leather armour (worn)
 g - a +0 shield
 h - a +1 cloak (worn)
Jewellery
 j - an uncursed ring of fire
 p - a cursed ring of teleportation (left hand)
Scrolls
 f - 2 scrolls of identify
Potions
 i - 2 potions of flight
 k - a potion of degeneration
Comestibles
 c - 6 rations


   Skills:
 - Level 8.0(7.0) Fighting
 - Level 2.1(1.3) Long Blades
 - Level 2.1(1.3) Armour
 - Level 0.7(0.0) Dodging
 + Level 5.0(4.1) Invocations


You had 5 spell levels left.
You didn't know any spells.
Your spell library was empty.

Dungeon Overview and Level Annotations

Branches:
Dungeon (5/15)
 Temple: D:4-7

Altars:
Cheibriados
Gozag
Makhleb
Ru

Annotations:
D:4 Natasha


Message History

You feel sick. The adder bites you but does no damage.
You feel sick. The adder bites you but does no damage.
You feel sick. The adder misses you.
Things that are here:
a +0 hand axe; an orc skeleton You feel sick.
The adder bites you but does no damage.
You feel sick.
You are no longer poisoned.
The adder bites you.
* * * LOW HITPOINT WARNING * * *
You are lethally poisoned!
The adder poisons you!
* * * LOW HITPOINT WARNING * * *
You feel sick.
* * * LOW HITPOINT WARNING * * *
You feel sick.
Natasha, Servant of Life and Death comes into view.
Natasha hisses angrily.
The adder bites you.
You die...

##### ...#
#######.#########
#)).....o.o.....#
#.#########.###.#
#.# #S# #o# #@#
#.# #.# #.# ...
#.# ##...... #.#
###......## #.#
#..h.....#### #.#
#............ .#
#.# #............
.#
#.###.........##.


You could see Natasha, an adder and an orc.

Vanquished Creatures
  A phantom (D:2)
  A scorpion (D:4)
  An orc priest (D:4)
  2 orc wizards
  Natasha (D:4)
  7 adders
  3 worms
  A dart slug (D:2)
  6 leopard geckos
  10 orcs
  3 giant cockroaches (D:1)
  8 goblins
  6 hobgoblins
  6 jackals
  4 bats
  3 frilled lizards
  6 kobolds
  A leopard gecko skeleton (D:4)
  7 rats
77 creatures vanquished.

Notes
Turn   | Place    | Note
-------+----------+-------------------------------------------
     0 | Abyss:1  | MisterFreud the Hill Orc Abyssal Knight began the quest for
                  | the Orb.
     0 | Abyss:1  | Reached XP level 1. HP: 19/19 MP: 2/2
    30 | Abyss:1  | Noticed a hellwing
    31 | D:1      | Escaped the Abyss
   132 | D:1      | Reached skill level 4 in Fighting
   140 | D:1      | Reached XP level 2. HP: 14/28 MP: 3/3
   331 | D:1      | Reached * piety under Lugonu
   588 | D:1      | Reached skill level 5 in Fighting
   588 | D:1      | Reached XP level 3. HP: 31/36 MP: 4/4
  1295 | D:2      | Found a sacrificial altar of Ru.
  1384 | D:2      | HP: 1/36 [adder (2)]
  1386 | D:2      | Reached XP level 4. HP: 7/44 MP: 5/5
  1667 | D:2      | Found an opulent altar of Gozag.
  1690 | D:2      | Reached skill level 6 in Fighting
  1769 | D:2      | Reached ** piety under Lugonu
  1845 | D:2      | Found a burning altar of Makhleb.
  2098 | D:2      | Found a snail-covered altar of Cheibriados.
  2492 | D:3      | Noticed a phantom
  2770 | D:2      | Killed a phantom
  2770 | D:2      | Reached skill level 7 in Fighting
  2770 | D:2      | Reached XP level 5. HP: 37/52 MP: 6/6
  3107 | D:3      | Reached XP level 6. HP: 61/61 MP: 7/7
  3201 | D:3      | Reached skill level 8 in Fighting
  3701 | D:4      | Noticed Natasha
  3708 | D:5      | Entered Level 5 of the Dungeon
  3909 | D:4      | Killed Natasha
  3951 | D:4      | Reached skill level 5 in Invocations
  4005 | D:4      | HP: 3/61 [adder (1)]
  4008 | D:4      | Noticed Natasha
  4008 | D:4      | Slain by an adder

Vault maps used:
D:1:      dpeg_arrival_chambers_temple_mockup, minmay_split_cup_small
D:2:      lemuel_round_altar, nicolae_ru_sacrificial_ziggurat,
          lemuel_round_altar, serial_rivers, chequers_serial_rivers_micro_a,
          chequers_serial_rivers_room_b, chequers_serial_rivers_large_a,
          chequers_serial_rivers_micro_e, chequers_serial_rivers_room_b,
          chequers_serial_rivers_micro_e, first_ration,
          nicolae_gozag_seed_capital
D:3:      chequers_serial_rivers_micro_a, minmay_misc_feat_columns, st_stairs_14
D:4:      grunt_temple_overflow_order_and_chaos_1, uniq_natasha
D:5:      cheibrodos_helix_gallery, lemuel_temple_firewalk_b

Skill      XL: |  1  2  3  4  5  6 |
---------------+-------------------+-----
Fighting       | 4 5 7 8 |  8.0
Invocations    | 5 |  5.0
Long Blades    | |  2.1
Armour         | |  2.1
Dodging        | |  0.7

Action                   |  1- 3 |  4- 6 || total
-------------------------+-------+-------++-------
Melee: Falchion          |   121 |   199 ||   320
Throw: Stone             |       |     3 ||     3
Invok: Depart the Abyss  |     1 |       ||     1
  Use: Scroll            |     3 |     3 ||     6
       Potion            |     1 |     5 ||     6
  Eat: Chunk             |     2 |     8 ||    10
Armor: Leather armour    |    28 |    79 ||   107
Dodge: Dodged            |    76 |   156 ||   232
       Rpst.: Falchion   |    18 |    53 ||    71

Table legend:
 A = Non-vault XP
 B = Vault XP
 C = Vault XP percentage of total XP
 D = Non-vault monster count
 E = Vault monster count
 F = Vault count percentage of total count
                 A         B        C        D         E       F
            +---------+---------+-------+---------+---------+-------
      Total |     531 |      44 |   7.7 |      71 |       6 |   7.8
            +---------+---------+-------+---------+---------+-------
        D:1 |      37 |       4 |   9.8 |      21 |       3 |  12.5
        D:2 |     216 |       0 |   0.0 |      23 |       0 |   0.0
        D:3 |      93 |       5 |   5.1 |      13 |       2 |  13.3
        D:4 |     179 |      35 |  16.4 |      12 |       1 |   7.7
        D:5 |       6 |       0 |   0.0 |       2 |       0 |   0.0
            +---------+---------+-------+---------+---------+-------
